 Dungeon Crawl Stone Soup version 0.26.1-11-gd32895ea62 (webtiles) character file.

Game seed: 15165187625829819146

2004 Almogavar the Geomancer (level 9, 0/49 HPs)
             Began as a Gargoyle Earth Elementalist on May 15, 2021.
             Slain by an orc warrior
             ... wielding a +0 bardiche
              (21 damage)
             ... in a bailey.
             The game lasted 00:33:41 (7135 turns).

Almogavar the Geomancer (GrEE)                      Turns: 7135, Time: 00:33:42

Health: 0/49       AC: 13    Str: 13    XL:     9   Next: 22%
Magic:  1/18       EV: 13    Int: 18    God:
Gold:   303        SH:  0    Dex: 10    Spells: 16/20 levels left

rFire    + . .     SeeInvis .   y - +0 mace (holy)
rCold    . . .     Faith    .   (no shield)
rNeg     + . .     Spirit   .   a - +2 robe
rPois    ∞         Reflect  .   (no helmet)
rElec    +         Harm     .   x - +0 cloak
rCorr    .         Rampage  .   r - +0 pair of gloves
Will     .....                  u - +0 pair of boots
Stlth    ++........             g - amulet of the acrobat
HPRegen  0.16/turn              c - ring of protection from fire
MPRegen  0.16/turn              H - ring of wizardry

@: hasted, very quick
A: negative energy resistance 1, electricity resistance, unbreathing,
petrification resistance, miasma immunity, AC +6
a: no special abilities


You were in a bailey.
You visited 1 branch of the dungeon, and saw 8 of its levels.
You also visited: Bailey.

You collected 303 gold pieces.

Inventory:

Hand Weapons
 y - a +0 mace of holy wrath (weapon)
 C - a +0 mace of draining
Missiles
 b - 35 stones
 F - 50 bolts
Armour
 a - a +2 robe (worn)
 d - a +0 chain mail
 r - a +0 pair of gloves (worn)
 s - a cursed +0 ring mail
 u - a +0 pair of boots (worn)
 x - a +0 cloak (worn)
 G - a +0 buckler
Jewellery
 c - a ring of protection from fire (left hand)
 g - an amulet of the acrobat (around neck)
 E - an uncursed ring of positive energy
 H - a ring of wizardry (right hand)
Wands
 m - a wand of acid (6)
 A - a wand of flame (23)
Scrolls
 f - a scroll of teleportation
 h - a scroll of enchant weapon
 j - 2 scrolls of blinking
 k - a scroll of magic mapping
 n - 9 scrolls of remove curse {unknown}
 w - 2 scrolls of amnesia {unknown}
 z - a scroll of noise {unknown}
 B - a scroll of fear {unknown}
 D - a scroll of fog {unknown}
 I - 2 scrolls of summoning {unknown}
 J - 2 scrolls of enchant armour {unknown}
 L - a scroll of identify
Potions
 e - a potion of cancellation {unknown}
 i - a potion of degeneration
 l - a potion of curing {unknown}
 o - a potion of brilliance {unknown}
 p - 2 potions of flight
 q - a potion of resistance {unknown}
 v - a potion of experience {unknown}
 K - a potion of magic {unknown}


   Skills:
 + Level 2.6 Fighting
 + Level 4.0 Maces & Flails
 + Level 2.6 Armour
 + Level 3.3 Dodging
 + Level 3.4 Stealth
 + Level 6.2 Spellcasting
 + Level 1.6 Conjurations
 + Level 0.7 Transmutations
 + Level 8.4 Earth Magic
 + Level 0.5 Evocations


You had 16 spell levels left.
You knew the following spells:

 Your Spells              Type           Power        Failure   Level
a - Sandblast             Erth           72%          1%          1
b - Stone Arrow           Conj/Erth      46%          1%          3

Your spell library contained the following spells:

 Spells                   Type           Power        Failure   Level
 Passwall                 Tmut/Erth      18%          1%          2
 Lee's Rapid Deconstruct  Erth           18%          4%          5
 Petrify                  Tmut/Erth      22%          8%          4


Dungeon Overview and Level Annotations

Branches:
Dungeon (9/15)               Lair (0/6) D:8          Bailey (1/1)
 Temple: D:4-7          Orc: D:9-12

Altars:
Ashenzari
Cheibriados
Fedhas
Ru

Annotations:
D:3 1 runed translucent door, manix's ghost, novice HuAM


Innate Abilities, Weirdness & Mutations

You are resistant to torment.
Your stone body is resilient. (AC +6)
You are immune to poison.
You resist negative energy. (rN+)
You are resistant to electric shocks. (rElec)
You can survive without breathing.
You are immune to petrification.
You are immune to miasma.


Message History

Press: ? - help, Shift-Dir - straight line, f - orc, p - orc warrior
Aim: an orc, wielding a +0 war axe (32% to evade)
The puff of flame hits the orc!
You kill the orc!
The orc hits you but does no damage.
Unknown command.
Casting: Sandblast (safe; 1% risk of failure)
Confirm with . or Enter, or press ? or * to list all spells.
You don't have enough magic to cast that spell.
Unknown command.
You feel yourself speed up. The orc hits you but does no damage.
The orc hits you from afar with a +4 trident.
The orc warrior hits you from afar with a +0 bardiche!
You closely miss the orc.
The orc hits you from afar with a +4 halberd.
The orc hits you but does no damage. The orc closely misses you.
You hit the orc.
The orc is almost dead.
The orc warrior hits you from afar with a +0 bardiche!!
You die...

## ############ ...
##........∩.## ....
######...o........#
.....#....#...o........#
.)...'..).')).)o@...))∩#
..)..#....#...o)...))..#
.... ######.........)).#
... ##........∩.## ##
############


You could see an orc warrior and 3 orcs.

Vanquished Creatures
  Pikel (D:4)
  Eustachio (D:5)
  A water moccasin (D:4)
  2 orc warriors (Bailey)
  A black bear (D:9)
  A sky beast (D:9)
  An ogre (D:4)
  2 lemures (D:5)
  A big kobold (D:9)
  A bullfrog (D:9)
  A scorpion (D:8)
  A water moccasin skeleton (D:4)
  A howler monkey (D:5)
  A hound (D:4)
  A jelly (D:9)
  3 orc wizards
  3 orc priests
  An iguana (D:9)
  2 worker ants
  2 hound zombies
  A gnoll (D:1)
  9 adders
  A shadow imp (D:5)
  An ufetubus (D:5)
  2 worms
  3 dart slugs (D:1)
  3 leopard geckos
  35 orcs
  3 ball pythons
  4 giant cockroaches
  4 hobgoblins
  7 jackals
  8 kobolds
  A quokka (D:9)
  4 bats
  3 frilled lizards
  11 goblins
  6 rats
134 creatures vanquished.

Notes
Turn   | Place    | Note
-------+----------+-------------------------------------------
     0 | D:1      | Almogavar the Gargoyle Earth Elementalist began the quest
                  | for the Orb.
     0 | D:1      | Reached XP level 1. HP: 10/10 MP: 3/3
   467 | D:1      | Reached XP level 2. HP: 15/15 MP: 3/5
   548 | D:1      | Reached skill level 4 in Earth Magic
  1023 | D:1      | Reached XP level 3. HP: 19/19 MP: 3/6
  1516 | D:2      | Reached XP level 4. HP: 24/24 MP: 4/7
  2203 | D:3      | Reached skill level 5 in Earth Magic
  2843 | D:3      | Reached XP level 5. HP: 21/28 MP: 5/9
  2937 | D:3      | Found a runed translucent door.
  2938 | D:3      | Noticed manix's ghost (novice HuAM)
  3414 | D:3      | Reached skill level 1 in Maces & Flails
  3946 | D:4      | Learned a level 3 spell: Stone Arrow
  4010 | D:4      | Reached XP level 6. HP: 33/33 MP: 9/11
  4247 | D:4      | Reached skill level 1 in Fighting
  4512 | D:4      | Found a blossoming altar of Fedhas.
  4518 | D:4      | Reached skill level 1 in Armour
  4879 | D:5      | Entered Level 5 of the Dungeon
  4912 | D:5      | Noticed Eustachio
  4926 | D:5      | Killed Eustachio
  4927 | D:5      | Reached skill level 6 in Earth Magic
  4927 | D:5      | Reached XP level 7. HP: 38/38 MP: 4/12
  4995 | D:5      | Found a sacrificial altar of Ru.
  5319 | D:5      | Found a broken altar of Ashenzari.
  5467 | D:5      | Noticed Pikel
  5519 | D:4      | Killed Pikel
  5520 | D:4      | Reached skill level 5 in Spellcasting
  5520 | D:4      | Reached skill level 7 in Earth Magic
  5520 | D:4      | Reached XP level 8. HP: 29/44 MP: 1/15
  6306 | D:6      | You fall into a shaft and drop 3 floors!
  6390 | D:9      | Noticed a yak
  6390 | D:9      | Noticed a yak
  6391 | D:9      | Noticed a yak
  6391 | D:9      | Noticed a yak
  6391 | D:9      | Noticed a yak
  6392 | D:9      | Noticed a yak
  6565 | D:9      | Found a snail-covered altar of Cheibriados.
  6600 | D:9      | Reached skill level 8 in Earth Magic
  6735 | D:9      | Noticed a yak
  6735 | D:9      | Noticed a yak
  6736 | D:9      | Noticed a yak
  6736 | D:9      | Noticed a yak
  6738 | D:9      | Noticed a yak
  6739 | D:9      | Noticed a yak
  6779 | D:8      | Reached XP level 9. HP: 36/49 MP: 9/17
  6868 | D:8      | Found a flagged portal.
  6879 | D:8      | Reached skill level 1 in Conjurations
  6887 | Bailey   | Entered a bailey
  7135 | Bailey   | Slain by an orc warrior

Illustrated notes

Levels and vault maps discovered:
D:1:      psy_arrival_dodecagon, layout_loops_corners, item_on_display_a
D:2:      layout_loops_ring
D:3:      layout_loops_ring, ebering_ghost_reflecting_pool,
          small_statue_intersection, serial_park_tiny_1, grunt_ministairs_9
D:4:      layout_layer_cave, fedhas_altar_2
D:5:      layout_rooms, nicolae_ru_great_annihilating_truth, ashenzari_altar_1,
          uniq_pikel, uniq_eustachio
D:6:      layout_basic
D:8:      layout_basic, eat_drink_and_be_merry_uskayaw, lair_entry_dummy,
          enter_bailey_5
D:9:      layout_cave_pods, cheibriados_altar_1, vehumet_crystals,
          old_standard_altar, orc_david_3, gammafunk_ghost_necromancy,
          chequers_decorated_corner, uniq_erica
Bailey:   bailey_polearm_5, bailey

Skill      XL: |  1  2  3  4  5  6  7  8  9 |
---------------+----------------------------+-----
Earth Magic    | 4 5 6 7 8 |  8.4
Dodging        | 2 3 |  3.3
Spellcasting   | 3 5 6 |  6.2
Maces & Flails | 1 2 3 4 |  4.0
Stealth        | 3 |  3.4
Fighting       | 1 2 |  2.6
Armour         | 1 2 |  2.6
Conjurations   | 1 |  1.6
Transmutations | |  0.7
Evocations     | |  0.5

Action                   |  1- 3 |  4- 6 |  7- 9 || total
-------------------------+-------+-------+-------++-------
Melee: Unarmed           |    13 |       |       ||    13
       Whip              |     3 |   109 |       ||   112
       Mace              |       |    19 |   154 ||   173
 Cast: Sandblast         |    43 |    58 |    73 ||   174
       Stone Arrow       |       |       |    29 ||    29
Evoke: Wand              |       |       |    18 ||    18
  Use: Scroll            |       |     3 |     4 ||     7
       Potion            |       |       |     5 ||     5
 Stab: Sleeping          |       |     5 |     1 ||     6
Armor: Robe              |     5 |    18 |    78 ||   101
       Leather armour    |       |    48 |    25 ||    73
Dodge: Dodged            |    20 |    99 |   164 ||   283
